 Dungeon Crawl Stone Soup version 0.26-a0-519-gb2f46efeda (webtiles) character file.

Game seed: 12054758313992411114

41 BritishOli the Skirmisher (level 3, 0/29 HPs)
             Began as a Demonspawn Fighter on Aug 10, 2020.
             Slain by an adder (3 damage)
             ... on level 2 of the Dungeon.
             The game lasted 00:00:46 (869 turns).

BritishOli the Skirmisher (Demonspawn Fighter)       Turns: 869, Time: 00:00:47

Health: 0/29       AC:  6    Str: 17    XL:     3   Next: 32%
Magic:  0/3        EV:  7    Int:  9    God:
Gold:   62         SH:  9    Dex: 12    Spells: 2/2 levels left

rFire    . . .     SeeInvis .   a - +0 long sword
rCold    . . .     Faith    .   c - +0 kite shield
rNeg     . . .     Spirit   +   b - +0 scale mail
rPois    .         Reflect  .   (no helmet)
rElec    .         Harm     .   (no cloak)
rCorr    .                      (no gloves)
MR       +....                  (no boots)
Stlth    ..........             (no amulet)
HPRegen  0.09/turn              e - ring of protection from magic
MPRegen  0.08/turn              (no ring)

@: lethally poisoned (0 -> -5)
A: magic shield
a: no special abilities


You were on level 2 of the Dungeon.
You visited 1 branch of the dungeon, and saw 2 of its levels.

You collected 62 gold pieces.

Inventory:

Hand Weapons
 a - a +0 long sword (weapon)
Armour
 b - a +0 scale mail (worn)
 c - a +0 kite shield (worn)
Jewellery
 e - a ring of protection from magic (left hand)
Scrolls
 f - 2 scrolls of remove curse {unknown}
 g - 2 scrolls of enchant armour {unknown}
 h - a scroll of enchant weapon {unknown}
Potions
 d - a potion of might
 i - a potion of flight {unknown}
 j - a potion of stabbing {unknown}
 k - a potion of brilliance {unknown}
 l - a potion of lignification {unknown}
 m - a potion of degeneration {unknown}


   Skills:
 + Level 3.3 Fighting
 + Level 2.2 Long Blades
 + Level 3.1 Armour
 + Level 3.1 Shields


You had 2 spell levels left.
You didn't know any spells.
Your spell library was empty.

Dungeon Overview and Level Annotations

Branches:
Dungeon (2/15)

Altars:

Annotations:
D:2 Sigmund


Innate Abilities, Weirdness & Mutations

When hurt, damage is shared between your health and your magic reserves.


Message History

You barely miss the adder. The adder closely misses you.
Sigmund hits you from afar with a +0 scythe.
You block the adder's attack.
You closely miss the adder. You block the adder's attack.
You block Sigmund's attack. You block the adder's attack.
You miss the adder. You block the adder's attack.
Sigmund gestures wildly while chanting.
Sigmund flickers and vanishes!
Deactivating autopickup; reactivate with Ctrl-A.
You closely miss the adder. The adder bites you.
* * * LOW HITPOINT WARNING * * *
You are poisoned.
The adder poisons you! Something hits you.
* * * LOW HITPOINT WARNING * * *
The adder closely misses you.
You slash the adder!
The adder is almost dead.
* * * LOW HITPOINT WARNING * * *
You feel sick. The adder bites you.
You die...

#.....# ......###
####........ #.
#.......... #.
#........###
#.######...........
#.....##..{.....#
#......# #S#
#......####@####
#.[....##......#
#..............#
#(.....##.........
#......####.##.....
###......##.# .....
#.......... .... ##
#.)....##.#. ....
.. #......# .#.#
###


You could see an adder.

Vanquished Creatures
  An ooze (D:1)
  A dart slug (D:2)
  3 giant cockroaches (D:1)
  9 hobgoblins
  A bat (D:2)
  2 frilled lizards (D:1)
  4 goblins
  8 kobolds (D:1)
  2 rats (D:1)
31 creatures vanquished.

Notes
Turn   | Place    | Note
-------+----------+-------------------------------------------
     0 | D:1      | BritishOli the Demonspawn Fighter began the quest for the
                  | Orb.
     0 | D:1      | Reached XP level 1. HP: 18/18 MP: 1/1
   152 | D:1      | Gained mutation: When hurt, damage is shared between your
                  | health and your magic reserves. [demonic ancestry]
   152 | D:1      | Reached XP level 2. HP: 20/24 MP: 2/2
   560 | D:1      | Reached XP level 3. HP: 27/29 MP: 3/3
   858 | D:2      | Noticed Sigmund
   869 | D:2      | Slain by an adder

Illustrated notes

Levels and vault maps discovered:
D:1:      ebering_trefoil_3fold, layout_rooms, minmay_pentomino_x2
D:2:      layout_basic, uniq_sigmund

Skill      XL: |  1  2 |
---------------+-------+-----
Long Blades    | 2 |  2.2
Shields        | 3 |  3.1
Armour         | 3 |  3.1
Fighting       | |  3.3

Action                   || total
-------------------------++-------
Melee: Long sword        ||    94
Armor: Scale mail        ||    37
Dodge: Dodged            ||    24
Block: Kite shield       ||    47
       Rpst.: Long sword ||     7

Table legend: (Time is in decaauts)
 A = Elapsed time spent in this place.
 B = Non-inter-level travel time spent in this place.
 C = Inter-level travel time spent in this place.
 D = Time resting spent in this place.
 E = Time spent auto-exploring this place.
 F = Levels seen in this place.
 G = Mean time per level.
                   A        B        C        D        E       F      G
               +--------+--------+--------+--------+--------+-----+--------+
         Total |    905 |    879 |     26 |      0 |    670 |   2 |  452.5 |
       Dungeon |    905 |    879 |     26 |      0 |    670 |   2 |  452.5 |
               +--------+--------+--------+--------+--------+-----+--------+

Top non-repeatable levels by time:
     D:1: 745 daAuts
     D:2: 160 daAuts
